 Dungeon Crawl Stone Soup version 0.22-a0-855-g415d086bb8 (webtiles) character file.

123 Cecky the Gusty (level 4, -4/33 HPs)
             Began as a Draconian Air Elementalist on July 27, 2018.
             Killed by divine providence
             ... invoked by an orc priest
              (15 damage)
             ... on level 3 of the Dungeon.
             The game lasted 00:08:35 (3349 turns).

Cecky the Gusty (Draconian Air Elementalist)        Turns: 3349, Time: 00:08:36

Health: -4/33      AC:  5    Str: 10    XL:     4   Next: 80%
Magic:  5/8        EV: 12    Int: 16    God:
Gold:   139        SH:  0    Dex: 12    Spells: 4/8 levels left

rFire    . . .     SeeInvis .   b - +0 hunting sling
rCold    . . .     Gourm    .   (no shield)
rNeg     . . .     Faith    .   (armour unavailable)
rPois    .         Spirit   .   (helmet restricted)
rElec    .         Reflect  .   (no cloak)
rCorr    .         Harm     .   (no gloves)
MR       .....                  (no boots)
Stlth    ++........             (no amulet)
HPRegen  0.11/turn              (no ring)
MPRegen  0.11/turn              (no ring)

@: no status effects
A: unfitting armour, cold-blooded, AC +5
a: no special abilities


You were on level 3 of the Dungeon.
You were not hungry.

You visited 1 branch of the dungeon, and saw 3 of its levels.

You collected 139 gold pieces.

Inventory:

Hand Weapons
 a - a +0 short sword
 b - a +0 hunting sling (weapon)
 m - a +0 blowgun
Missiles
 f - 53 stones (quivered)
 n - 6 poisoned needles
Jewellery
 d - a +2 ring of intelligence {unknown}
 g - an uncursed ring of ice {unknown}
Scrolls
 h - 2 scrolls of teleportation {unknown}
 k - a scroll of identify {unknown}
 l - a scroll of amnesia {unknown}
 o - a scroll of enchant weapon {unknown}
Potions
 i - a potion of mutation {unknown}
 j - 2 potions of experience {unknown}
Comestibles
 c - 2 chunks of flesh
 e - 4 rations


   Skills:
 - Level 1.9 Dodging
 - Level 1.7 Stealth
 + Level 2.9 Spellcasting
 + Level 2.6 Conjurations
 + Level 4.2 Air Magic


You had 4 spell levels left.
You knew the following spells:

 Your Spells              Type           Power        Failure   Level  Hunger
a - Shock                 Conj/Air       ##..         4%          1    #......
b - Static Discharge      Conj/Air       ##......     14%         3    ###....

Your spell library contained the following spells:

 Spells                   Type           Power        Failure   Level  Hunger
 Lightning Bolt           Conj/Air       ##........   78%         5    ######.
 Swiftness                Chrm/Air       #.......     12%         2    ##.....
 Airstrike                Air            ###.......   32%         4    #####..


Dungeon Overview and Level Annotations

Branches:
Dungeon (3/15)

Altars:


Innate Abilities, Weirdness & Mutations

Your plain brown scales are hard. (AC +5)
You cannot fit into any form of body armour.
You are cold-blooded and may be slowed by cold attacks.


Message History

Aim: an orc, wielding a short sword and wearing a leather armour (almost dead)
The zap hits the orc.
The orc appears unharmed.
The orc is almost dead.
The orc hits you with a short sword.
Casting: Shock (safe; 4% risk of failure)
Confirm with . or Enter, or press ? or * to list all spells.
Aiming: Shock (safe; 4% risk of failure)
Press: ? - help, Shift-Dir - straight line, f/p - orc
Aim: an orc, wielding a short sword and wearing a leather armour (almost dead)
The zap misses the orc.
The orc hits you but does no damage.
Casting: Shock (safe; 4% risk of failure)
Confirm with . or Enter, or press ? or * to list all spells.
Aiming: Shock (safe; 4% risk of failure)
Press: ? - help, Shift-Dir - straight line, f/p - orc
Aim: an orc, wielding a short sword and wearing a leather armour (almost dead)
The zap hits the orc.
You kill the orc!
The orc priest calls down the wrath of Beogh upon you.
Beogh smites you!
You die...

.(# ##..# #...# #
#.#.# #. ##
#.##(#.# ....###.
#...o..# ........
####.### .....##.
#o# .... #. #@#
.....##. #.# #....
#.# ####. #.# #.
#.# #. #.# ### #.
#.########.## #.
#......##...#####.
######............


You could see an orc priest and an orc.

Vanquished Creatures
  4 adders
  A worm (D:3)
  3 dart slugs
  3 leopard geckos (D:2)
  3 orcs (D:3)
  2 giant cockroaches
  11 goblins
  5 hobgoblins
  7 jackals (D:3)
  9 kobolds
  12 bats
  6 frilled lizards
  5 rats
71 creatures vanquished.

Notes
Turn   | Place    | Note
-------+----------+-------------------------------------------
     0 | D:1      | Cecky the Draconian Air Elementalist began the quest for the Orb.
     0 | D:1      | Reached XP level 1. HP: 14/14 MP: 3/3
   335 | D:1      | Reached XP level 2. HP: 20/20 MP: 5/5
  1501 | D:2      | Reached XP level 3. HP: 26/26 MP: 4/6
  1545 | D:2      | Learned a level 3 spell: Static Discharge
  2235 | D:2      | Reached skill level 4 in Air Magic
  2250 | D:2      | Reached XP level 4. HP: 26/33 MP: 1/7
  2805 | D:3      | Found a faded altar of an unknown god.
  3349 | D:3      | Killed from afar by an orc priest

Vault maps used:
D:1:      eino_arrival_cavern_a, st_stairs_8, minmay_misc_feat_tower
D:3:      minitemple, chequers_ecumenical_altar_simple

Skill      XL: |  1  2  3 |
---------------+----------+-----
Conjurations   | 2 |  2.6
Air Magic      | 4 |  4.2
Dodging        | |  1.9
Stealth        | |  1.7
Spellcasting   | |  2.9

Action                   |  1- 3 |  4- 6 || total
-------------------------+-------+-------++-------
Melee: Short sword       |    66 |    19 ||    85
       Unarmed           |     3 |       ||     3
       Tailslap          |     6 |     1 ||     7
 Fire: Hunting sling     |       |    50 ||    50
 Cast: Shock             |    62 |    35 ||    97
 Stab: Sleeping          |     2 |       ||     2
  Eat: Chunk             |     5 |     4 ||     9
Armor: Skin              |    29 |    16 ||    45
Dodge: Dodged            |    71 |    35 ||   106

Table legend:
 A = Spawn XP
 B = Non-spawn XP
 C = Spawn XP percentage of total XP
 D = Spawn monster count
 E = Non-spawn monster count
 F = Spawn count percentage of total count
 G = Total turns spent on level
                    A         B        C        D         E        F      G
               +---------+---------+-------+---------+---------+-------+---------
         Total |       0 |     177 |   0.0 |       0 |      71 |   0.0 |  3349
               +---------+---------+-------+---------+---------+-------+---------
           D:1 |       0 |      39 |   0.0 |       0 |      24 |   0.0 |  1473
           D:2 |       0 |      82 |   0.0 |       0 |      25 |   0.0 |  1332
           D:3 |       0 |      56 |   0.0 |       0 |      22 |   0.0 |   544
               +---------+---------+-------+---------+---------+-------+---------
